 Dungeon Crawl Stone Soup version 0.14-a0-1388-g200237c (webtiles) character file.

32559 PolkaDot the Conjurer (level 13, -27/79 HPs)
             Began as a Vampire Conjurer on Dec 9, 2013.
             Was a High Priest of Vehumet.
             Killed from afar by an ice dragon (48 damage)
             ... with a blast of cold
             ... in an ice cave on Dec 10, 2013.
             The game lasted 02:11:00 (16620 turns).

PolkaDot the Conjurer (Vampire Conjurer)           Turns: 16620, Time: 02:11:00

HP -27/79        AC  8     Str  7      XL: 13   Next: 26%
MP  20/37        EV 18     Int 21      God: Vehumet [*****.]
Gold 1016        SH  0     Dex 14      Spells:  8 memorised,  1 level left

rFire  . . .     SeeInvis +     f - +1 hand axe (elec)
rCold  . . .     Clarity  +     a - +0 robe
rNeg   + . .     Conserve .     (no shield)
rPois  +         rCorr    .     j - +1 dwarf winged helmet
rElec  .         rRot     .     G - +0 cloak
SustAb . .       Spirit   .     z - +0 pair of elf gloves
rMut   .         Warding  .     L - +1 pair of boots
Saprov . . .     Stasis   .     U - amulet of Vinun {Clar +Inv rPois Acc+5, unknown}
                                g - +2 ring of evasion
                                v - ring of magical power

@: somewhat resistant to hostile enchantments, stealthy
A: bottle blood, fangs 3, see invisible, unbreathing
a: Bat Form, Bottle Blood, Renounce Religion, Evoke Invisibility


You were in an ice cave.
You worshipped Vehumet.
Vehumet was extremely pleased with you.
You were not thirsty.

You visited 3 branches of the dungeon, and saw 17 of its levels.
You also visited: Sewer, Ossuary and Ice Cave.

You collected 1060 gold pieces.
You spent 44 gold pieces at shops.

Inventory:

Hand weapons
 f - a +1,+1 hand axe of electrocution (weapon)
Armour
 a - a +0 robe (worn)
 j - a +1 dwarven winged helmet (worn)
 k - a cursed -1 elven leather armour
 z - a +0 pair of elven gloves (worn)
 G - a +0 cloak (worn)
 I - a +2 cap
 L - a +1 pair of boots (worn)
Magical devices
 e - a wand of disintegration (9)
 o - a wand of disintegration (10)
Scrolls
 d - 3 scrolls of fog
 i - 7 scrolls of remove curse
 l - 2 scrolls of enchant weapon II
 m - a scroll of torment {unknown}
 u - 2 scrolls of recharging
 y - 3 scrolls of amnesia
 B - a scroll of immolation {unknown}
 C - a scroll of silence
 E - 2 scrolls of blinking
 F - 4 scrolls of enchant weapon I
 J - a scroll of random uselessness {unknown}
 P - a scroll of summoning {unknown}
 Q - a scroll of identify
Jewellery
 g - a +2 ring of evasion (right hand)
 h - an uncursed ring of regeneration
 p - an uncursed ring of sustenance
 r - a +2 ring of dexterity
 t - an uncursed ring of sustain abilities
 v - a ring of magical power (left hand)
 M - an uncursed ring of teleportation
 N - an uncursed ring of wizardry
 T - an uncursed ring of protection from cold {unknown}
 U - the amulet of Vinun (around neck) {Clar +Inv rPois Acc+5, unknown}
   (You found it on level 4 of the Lair of Beasts)

   [amulet of clarity]

   It affects your accuracy (+5).
   It protects you from poison.
   It lets you turn invisible.
Books
 c - a book of Conjurations

   Spells                             Type                      Level
   Magic Dart                         Conjuration                  1
   *Searing Ray                       Conjuration                  2
   Dazzling Spray                     Conjuration/Hexes            3
   *Iskenderun's Mystic Blast         Conjuration                  4
   Iskenderun's Battlesphere          Conjuration/Charms           4
   *Fulminant Prism                   Conjuration/Hexes            5
 s - a book of the Tempests

   Spells                             Type                      Level
   Static Discharge                   Conjuration/Air              3
   *Lightning Bolt                    Conjuration/Air              5
   Fireball                           Conjuration/Fire             5
   Tornado                            Air                          9
   Shatter                            Earth                        9
 O - a book of the Sky

   Spells                             Type                      Level
   *Flight                            Charms/Air                   3
   Airstrike                          Air                          4
   Silence                            Hexes/Air                    5
   Deflect Missiles                   Charms/Air                   6
   Conjure Ball Lightning             Conjuration/Air              6
   Tornado                            Air                          9
 S - a book of Burglary

   Spells                             Type                      Level
   Apportation                        Translocation                1
   Swiftness                          Charms/Air                   2
   Passwall                           Transmutation/Earth          3
   Passage of Golubria                Translocation                4
   Lee's Rapid Deconstruction         Earth                        5
   Darkness                           Hexes                        7


   Skills:
 - Level 7.6 Dodging
 - Level 3.0 Stealth
 * Level 7.5 Spellcasting
 - Level 11.8 Conjurations
 - Level 8.3 Hexes
 - Level 5.0 Ice Magic
 - Level 10.5 Air Magic
 + Level 4.9 Poison Magic


You had one spell level left.
You knew the following spells:

 Your Spells              Type           Power        Failure   Level  Hunger
a - Throw Frost           Conj/Ice       #####.       1%          2    None
d - Iskenderun's Mystic   Conj           ######..     1%          4    ###....
f - Fulminant Prism       Conj/Hex       ######....   1%          5    ####...
s - Searing Ray           Conj           ######       1%          2    None
x - Lightning Bolt        Conj/Air       ######....   1%          5    ####...
z - Mephitic Cloud        Conj/Pois/Air  #####...     1%          3    #......
A - Throw Flame           Conj/Fire      ####..       1%          2    None
F - Flight                Chrm/Air       ####......   2%          3    #......


Dungeon Overview and Level Annotations

Branches:
Dungeon (10/16)            Temple (1/1) D:7             Orc (0/4) D:10
   Lair (6/8) D:8
  Swamp: Lair:3-6    Shoals: Lair:3-6     Snake: Lair:3-6    Spider: Lair:3-6
  Slime: Lair:6-8

Altars:
Elyvilon
Kikubaaqudgha
Okawaru
Sif Muna
Trog
Vehumet
Xom
Yredelemnul

Shops:
D:4 **


Innate Abilities, Weirdness & Mutations

You can bottle blood from corpses.
You have razor-sharp teeth.*
You have supernaturally acute eyesight.
You can survive without breathing.*


Message History

Casting: Fulminant Prism
Confirm with . or Enter, or press ? or * to list all spells.
Aiming: Lightning Bolt
Press: ? - help, Shift-Dir - straight line, f - ice dragon
Aim: an ice dragon (moderately wounded, catching its breath)
You hear a mighty clap of thunder!
The bolt of lightning hits the ice dragon.
The ice dragon is moderately wounded.
Read which item? (? for menu, Esc to quit)
As you read the scroll of fear, it crumbles to dust.
You assume a fearsome visage.
The ice dragon looks frightened!
The ice dragon looks frightened!
The ice dragon turns to fight!
The ice dragon breathes frost at you. The blast of cold hits you!
* * * LOW HITPOINT WARNING * * *
The ice dragon turns to fight!
The ice dragon breathes frost at you. The blast of cold hits you!
Ouch! That really hurt!
You die...

##...######
###......##
####....##
####..## ###
##..###.##
##.#....#
#...##.#
#####..### .
#..@##.## ...
##...!.D#.....#
####..D...#
########


You could see 2 ice dragons.

Vanquished Creatures
  A hydra (Lair:5)
  3 hill giants
  2 unseen horrors (D:10)
  2 ice statues (IceCv)
  Joseph (D:8)
  2 orange demons (D:6)
  7 spiny frogs
  An item mimic (Lair:4)
  5 black mambas
  Grinder (D:6)
  A komodo dragon (Lair:5)
  8 blink frogs
  A fire drake (Lair:3)
  A two-headed ogre (D:10)
  A wyvern (D:10)
  A grizzly bear (Lair:3)
  5 basilisks
  An elephant slug (Lair:5)
  2 sharks (Lair:4)
  41 yaks
  2 hungry ghosts (D:8)
  The ghost of July the Magician, an average SpEn (D:4)
  5 hippogriffs
  A manticore (D:10)
  Edmund (D:5)
  4 wolves (Lair:3)
  10 porcupines
  2 orc warriors
  24 ice beasts
  6 ogres
  4 giant goldfish (Lair:4)
  A sky beast (D:10)
  6 crocodiles
  A rotting devil (D:6)
  5 centaurs
  2 phantoms
  6 giant slugs
  2 big kobolds
  10 water moccasins
  12 giant frogs
  3 agate snails (Lair:1)
  8 wights (D:10)
  An electric eel (Lair:4)
  A yak zombie (D:10)
  2 jellyfish (Lair:4)
  17 killer bees (D:10)
  A hippogriff skeleton (D:7)
  5 crimson imps
  7 hounds
  2 quasits
  A giant frog zombie (D:5)
  Crazy Yiuf (D:5)
  A centaur skeleton (D:7)
  6 orc wizards
  4 orc priests
  13 worker ants
  A scorpion (D:5)
  5 iguanas
  5 sheep (Lair:4)
  3 mummies (Ossuary)
  A gnoll (D:7)
  25 green rats
  14 adders
  A worm zombie (D:8)
  4 giant centipedes
  4 giant mites
  A goliath beetle zombie (D:8)
  4 worms
  3 adder zombies
  22 grey rats
  A giant eyeball (D:7)
  9 giant geckos
  2 oozes
  18 orcs
  17 bats
  6 giant cockroaches
  A gnoll zombie (Ossuary)
  7 goblins
  17 hobgoblins
  35 kobolds
  14 quokkas
  9 ball pythons
  3 giant newts
  3 giant spores
  A goblin zombie (Ossuary)
  7 hobgoblin zombies (Ossuary)
  20 jackals
  5 kobold zombies (Ossuary)
  A quokka zombie (Ossuary)
  24 rats
  2 rat zombies (Ossuary)
  5 ballistomycetes
  2 fungi
  2 plants (Lair:4)
569 creatures vanquished.

Vanquished Creatures (others)
  An orc priest (D:9)
  29 fulminant prisms
  An orc (D:3)
  2 fungi (Lair:2)
33 creatures vanquished.

Grand Total: 602 creatures vanquished

Notes
Turn   | Place    | Note
--------------------------------------------------------------
     0 | D:1      | PolkaDot, the Vampire Conjurer, began the quest for the Orb.
     0 | D:1      | Reached XP level 1. HP: 13/13 MP: 3/3
   222 | D:1      | Reached XP level 2. HP: 19/19 MP: 4/4
   559 | D:2      | Reached XP level 3. HP: 24/24 MP: 6/6
   848 | D:2      | Reached skill level 4 in Conjurations
   905 | D:2      | Reached XP level 4. HP: 20/30 MP: 8/8
  1246 | D:3      | Learned a level 2 spell: Searing Ray
  1251 | D:3      | Learned a level 4 spell: Iskenderun's Mystic Blast
  1350 | D:3      | Reached XP level 5. HP: 32/35 MP: 9/9
  1867 | D:4      | Noticed a phantom
  1911 | D:4      | Killed a phantom
  1911 | D:4      | Reached skill level 5 in Conjurations
  1911 | D:4      | Reached XP level 6. HP: 31/41 MP: 2/11
  1926 | D:4      | Found Teinief's General Store.
  1933 | D:4      | Bought 2 potions of curing for 44 gold pieces
  1975 | D:4      | Found Wyostronn's Assorted Antiques.
  2023 | D:4      | Noticed July's ghost (average SpEn)
  2035 | D:4      | Killed July's ghost
  2123 | D:4      | Reached skill level 6 in Conjurations
  2318 | D:4      | Found a glowing drain.
  2322 | Sewer    | Entered a sewer
  2345 | Sewer    | Reached XP level 7. HP: 35/46 MP: 12/12
  3156 | D:5      | Entered Level 5 of the Dungeon
  3197 | D:5      | Reached skill level 7 in Conjurations
  3281 | D:5      | Noticed Edmund
  3389 | D:5      | Killed Edmund
  3515 | D:5      | Reached XP level 8. HP: 41/52 MP: 14/14
  3522 | D:5      | Learned a level 5 spell: Fulminant Prism
  3554 | D:5      | Reached skill level 1 in Hexes
  3612 | D:5      | Reached skill level 8 in Conjurations
  3959 | D:5      | Noticed Crazy Yiuf
  3962 | D:5      | Killed Crazy Yiuf
  4130 | D:6      | Noticed a hill giant
  4152 | D:6      | Found a sand-covered staircase.
  4157 | Ossuary  | Entered an ossuary
  4386 | D:6      | Killed a hill giant
  4386 | D:6      | Reached skill level 9 in Conjurations
  4386 | D:6      | Reached XP level 9. HP: 46/57 MP: 3/15
  4469 | D:6      | Noticed an orange demon
  4502 | D:6      | Noticed Grinder
  4504 | D:6      | Paralysed by Grinder for 5 turns
  4521 | D:6      | Paralysed by Grinder for 2 turns
  4526 | D:6      | Killed Grinder
  4717 | D:6      | Noticed an orange demon
  4744 | D:6      | Killed an orange demon
  4895 | D:6      | Killed an orange demon
  5209 | D:7      | Reached skill level 10 in Conjurations
  5233 | D:7      | Found a staircase to the Ecumenical Temple.
  5257 | Temple   | Entered the Ecumenical Temple
  5266 | Temple   | Became a worshipper of Vehumet
  5414 | D:7      | Paralysed by a giant eyeball for 4 turns
  5687 | D:7      | Reached XP level 10. HP: 32/63 MP: 17/17
  5858 | D:7      | Found an iron altar of Okawaru.
  6235 | D:8      | Acquired Vehumet's first power
  6235 | D:8      | Offered knowledge of Sandblast by Vehumet.
  6288 | D:8      | Reached skill level 5 in Dodging
  6377 | D:8      | Found a staircase to the Lair.
  6515 | D:8      | Reached skill level 11 in Conjurations
  6583 | D:8      | Found a shimmering altar of Xom.
  6588 | D:8      | Found a bloodstained altar of Trog.
  6952 | D:8      | Noticed Joseph
  6963 | D:8      | Killed Joseph
  7211 | D:9      | Offered knowledge of Throw Flame by Vehumet.
  7215 | D:9      | Learned a level 2 spell: Throw Flame
  7404 | D:10     | Entered Level 10 of the Dungeon
  7510 | D:10     | Reached XP level 11. HP: 68/68 MP: 7/21
  7647 | D:10     | Noticed a hill giant
  7653 | D:10     | Killed a hill giant
  7967 | D:10     | Offered knowledge of Throw Frost by Vehumet.
  8112 | D:10     | Acquired Vehumet's second power
  8137 | D:10     | Learned a level 2 spell: Throw Frost
  8141 | D:10     | Learned a level 3 spell: Flight
  8171 | D:10     | Reached skill level 1 in Air Magic
  8175 | D:10     | Reached skill level 1 in Ice Magic
  8368 | D:10     | Noticed an unseen horror
  8374 | D:10     | Killed an unseen horror
  8422 | D:10     | Offered knowledge of Sticky Flame by Vehumet.
  8534 | D:10     | Noticed an unseen horror
  8544 | D:10     | Killed an unseen horror
  8616 | D:10     | Found a staircase to the Orcish Mines.
  8631 | D:10     | Noticed a hill giant
  8694 | D:10     | Killed a hill giant
  8743 | D:10     | Reached skill level 5 in Air Magic
  9064 | Lair:1   | Entered Level 1 of the Lair of Beasts
  9077 | Lair:1   | HP: 2/68 [black mamba (10)]
  9229 | Lair:1   | Acquired Vehumet's third power
  9229 | Lair:1   | Reached skill level 5 in Spellcasting
  9340 | Lair:1   | Reached XP level 12. HP: 74/74 MP: 18/24
  9949 | Lair:1   | Offered knowledge of Mephitic Cloud by Vehumet.
 10391 | Lair:1   | Found a white marble altar of Elyvilon.
 10478 | Lair:1   | Reached skill level 5 in Ice Magic
 10489 | Lair:1   | Learned a level 3 spell: Mephitic Cloud
 10714 | Lair:2   | Reached skill level 1 in Poison Magic
 12620 | Lair:3   | Offered knowledge of Ozocubu's Refrigeration by Vehumet.
 13449 | Lair:4   | Got a heavily runed copper amulet
 14607 | Lair:5   | Noticed a four-headed hydra
 15051 | Lair:5   | Killed a four-headed hydra
 15051 | Lair:5   | Reached XP level 13. HP: 79/79 MP: 13/27
 15184 | Lair:5   | Reached skill level 10 in Air Magic
 15773 | Lair:6   | Found a frozen archway.
 15929 | IceCv    | Entered an ice cave
 15946 | IceCv    | Learned a level 5 spell: Lightning Bolt
 15991 | IceCv    | Offered knowledge of Bolt of Cold by Vehumet.
 16620 | IceCv    | Killed from afar by an ice dragon

Action                   |  1- 3 |  4- 6 |  7- 9 | 10-12 | 13-15 || total
-------------------------+-------+-------+-------+-------+-------++-------
Melee: Hand axe          |    75 |   158 |   313 |   313 |    47 ||   906
 Cast: Magic Dart        |     6 |       |     1 |       |       ||     7
       Searing Ray       |       |     6 |    30 |   100 |    12 ||   148
       Fulminant Prism   |       |       |    10 |     4 |    15 ||    29
       Iskenderun's Myst |       |       |    12 |   173 |    37 ||   222
       Throw Flame       |       |       |       |     2 |    14 ||    16
       Throw Frost       |       |       |       |   159 |     5 ||   164
       Mephitic Cloud    |       |       |       |    12 |       ||    12
       Lightning Bolt    |       |       |       |       |     2 ||     2
 Abil: Bottle Blood      |       |       |    29 |    65 |     5 ||    99
Evoke: Wand              |     1 |       |     2 |     2 |       ||     5
  Use: Scroll            |       |    12 |    10 |    14 |     5 ||    41
       Potion            |       |     3 |    30 |   103 |    14 ||   150
 Stab: Sleeping          |     5 |     3 |    12 |     5 |       ||    25
       Invisible         |       |     2 |     4 |       |       ||     6
       Distracted        |       |     2 |     1 |       |       ||     3
       Confused          |       |       |       |     5 |       ||     5
